[Event "ICC tourney 2578 (30 10)"]
[Site "Internet Chess Club"]
[Date "2021.05.23"]
[Round "6"]
[White "REMPE, LENNIK:Kokosnuss1000"]
[Black "RAMAN, ARJUN:jojoraman"]
[Result "0-1"]
[ICCResult "White resigns"]
[WhiteElo "1450"]
[BlackElo "1360"]
[Opening "Four knights: Spanish variation"]
[ECO "C48"]
[NIC "KP.03"]
[Time "13:00:50"]
[PlyCount "74"]
[TimeControl "1800+10"]

1. e4 e5 2. Nf3 Nc6 3. Nc3 Nf6 4. Bb5 d6 5. d4 exd4 6. Nxd4 Bd7 7. Nxc6
Bxc6 8. Bxc6+ bxc6 9. O-O Be7 10. Re1 O-O 11. Bf4 d5 12. exd5 cxd5 13. Qe2
Bc5 14. Qd2 d4 15. Ne4 Nxe4 16. Rxe4 Bb6 17. Qd3 Qd5 18. Be3 Rfe8 19. Rxe8+
Rxe8 20. c3 c5 21. Rd1 c4 22. Qd2 d3 23. Bxb6 axb6 24. h3 b5 25. b3 h6 26.
bxc4 bxc4 27. a4 Re2 28. Qc1 d2 29. Qa1 Qc5 30. Rf1 Qe5 31. a5 Re1 32. a6
Rxa1 33. Rxa1 Qe1+ 34. Rxe1 dxe1=Q+ 35. Kh2 Qxc3 36. a7 Qa3 37. a8=Q+ Qxa8
{ White resigns } 0-1

[Event "ICC tourney 2578 (30 10)"]
[Site "Internet Chess Club"]
[Date "2021.05.23"]
[Round "6"]
[White "Merriman, Dann:theLittlePetey"]
[Black "BANG, ADITYA:AdityaBang"]
[Result "0-1"]
[ICCResult "White resigns"]
[WhiteElo "875"]
[BlackElo "1389"]
[Opening "Pirc defense"]
[ECO "B07"]
[NIC "PU.08"]
[Time "13:00:23"]
[PlyCount "84"]
[TimeControl "1800+10"]

1. e4 d6 2. d4 Nf6 3. Bd3 g6 4. c4 Bg7 5. Nc3 O-O 6. Nf3 Nc6 7. h3 Nd7 8.
Be2 e5 9. Be3 a6 10. Qd2 Re8 11. Bg5 Nf6 12. Nd5 exd4 13. Nxd4 Nxd4 14.
Qxd4 Nxd5 15. Qxd5 Qd7 16. Bg4 Qc6 17. Qxc6 bxc6 18. Bf3 Bxb2 19. Rd1 a5
20. O-O Ba6 21. e5 Rxe5 22. Bf6 Bxc4 23. Bxe5 Bxe5 24. Rfe1 Rf8 25. Bxc6
Bxa2 26. f4 Bxf4 27. Ra1 Be6 28. Re2 Bc4 29. Re4 Be5 30. Rxa5 Be6 31. Kh1
Rb8 32. Rb5 Rxb5 33. Bxb5 c5 34. Kg1 Kg7 35. Kf2 Kf6 36. g4 Kg5 37. Bf1
Bd4+ 38. Kg3 Be5+ 39. Kf2 Bd5 40. Ra4 Kh4 41. Ke1 Bg3+ 42. Kd1 Bb3+ { White
resigns } 0-1

[Event "ICC tourney 2578 (30 10)"]
[Site "Internet Chess Club"]
[Date "2021.05.23"]
[Round "6"]
[White "WU, SEAN HAN:dum2020arEEEWS"]
[Black "Morgan, Lakshmi M:luckylol3"]
[Result "0-1"]
[ICCResult "White checkmated"]
[WhiteElo "1173"]
[BlackElo "1041"]
[Opening "Scotch: Potter variation"]
[ECO "C45"]
[NIC "SO.05"]
[Time "13:00:23"]
[PlyCount "108"]
[TimeControl "1800+10"]

1. e4 e5 2. Nf3 Nc6 3. d4 exd4 4. Nxd4 Bc5 5. Nb3 Bb6 6. Nc3 Nf6 7. Bg5 h6
8. Bh4 Qe7 9. Bd3 g5 10. Bg3 d6 11. O-O Bg4 12. Qd2 O-O-O 13. Rfe1 Qf8 14.
Bc4 Qg7 15. Na4 h5 16. Nxb6+ axb6 17. h3 Bd7 18. a4 h4 19. Bh2 g4 20. Kh1
g3 21. Bg1 gxf2 22. Qxf2 Rdg8 23. a5 Qg3 24. Qxg3 hxg3 25. axb6 cxb6 26.
Bf1 Kc7 27. Rad1 Nh5 28. Be3 Ne5 29. Be2 Nf6 30. Rd4 Nfg4 31. Bxg4 Nxg4 32.
Bf4 Nf2+ 33. Kg1 Rg6 34. Bxg3 Nxh3+ 35. gxh3 Rxg3+ 36. Kf2 Rhxh3 37. Red1
Rg6 38. Kf1 Rh1+ 39. Ke2 Bg4+ 40. Kd2 Rxd1+ 41. Kc3 Rxd4 42. Nxd4 Kd7 43.
Kc4 Be6+ 44. Nxe6 fxe6 45. b4 Rg2 46. c3 Rg4 47. Kb5 Kc7 48. c4 Rxe4 49. c5
bxc5 50. bxc5 dxc5 51. Ka5 b6+ 52. Kb5 Rb4+ 53. Ka6 e5 54. Ka7 Ra4# { White
checkmated } 0-1

[Event "ICC tourney 2578 (30 10)"]
[Site "Internet Chess Club"]
[Date "2021.05.23"]
[Round "6"]
[White "NERALLA, SRIKRUTHI:chessfanatic11"]
[Black "UPPALAPATI, VIHAR:vihar"]
[Result "1-0"]
[ICCResult "Black checkmated"]
[WhiteElo "1202"]
[BlackElo "1203"]
[Opening "Four knights: Scotch, 4...exd4"]
[ECO "C47"]
[NIC "KP.06"]
[Time "13:00:41"]
[PlyCount "91"]
[TimeControl "1800+10"]

1. e4 e5 2. Nf3 Nc6 3. Nc3 Nf6 4. d4 exd4 5. Nxd4 Nxd4 6. Qxd4 d6 7. Bg5
Be7 8. Bc4 O-O 9. O-O c5 10. Qd3 d5 11. Bxf6 Bxf6 12. Qxd5 Qxd5 13. Bxd5
Bd4 14. Rab1 Rb8 15. Ne2 Be6 16. Nxd4 Bxd5 17. exd5 cxd4 18. Rfd1 Rfe8 19.
Kf1 Re5 20. Rxd4 Rbe8 21. Rd2 h6 22. d6 Rd8 23. Re1 Rxe1+ 24. Kxe1 Re8+ 25.
Re2 Rxe2+ 26. Kxe2 Kf8 27. c4 Ke8 28. c5 Kd7 29. b4 b6 30. Kd3 bxc5 31.
bxc5 Kc6 32. Kd4 Kd7 33. Kd5 Ke8 34. Kc6 f5 35. Kc7 a5 36. d7+ Ke7 37.
d8=Q+ Ke6 38. Qd6+ Kf7 39. Kd7 f4 40. c6 f3 41. gxf3 g5 42. c7 h5 43. c8=Q
g4 44. Kc6 gxf3 45. Qcc7+ Ke8 46. Qdd8# { Black checkmated } 1-0

[Event "ICC tourney 2578 (30 10)"]
[Site "Internet Chess Club"]
[Date "2021.05.23"]
[Round "6"]
[White "HUANG, JUSTIN:ijustin"]
[Black "LI, MASON:iamlifamily"]
[Result "1-0"]
[ICCResult "Black checkmated"]
[WhiteElo "1305"]
[BlackElo "1266"]
[Opening "Caro-Kann: classical variation"]
[ECO "B18"]
[NIC "CK.10"]
[Time "13:00:26"]
[PlyCount "93"]
[TimeControl "1800+10"]

1. e4 c6 2. d4 d5 3. Nc3 dxe4 4. Nxe4 Bf5 5. Ng3 Bg6 6. Nf3 Nd7 7. Be2 e6
8. Be3 Bd6 9. Qd2 Ngf6 10. O-O Bxg3 11. hxg3 O-O 12. Bg5 h6 13. Bh4 Qb6 14.
Bxf6 Nxf6 15. b3 Rad8 16. Rfd1 Ne4 17. Qe3 Nd6 18. c4 Nf5 19. Qc3 Ne7 20.
Bd3 Bh5 21. Bc2 Bxf3 22. gxf3 Rd7 23. Rd2 Rfd8 24. Rad1 Qc7 25. Qd3 Ng6 26.
Qe4 c5 27. d5 Qe5 28. Kg2 b6 29. Kg1 Qxe4 30. fxe4 Ne5 31. Kg2 g5 32. f4
Ng4 33. Kf3 Nf6 34. e5 Nh7 35. Bxh7+ Kxh7 36. d6 Kg6 37. Ke4 f5+ 38. exf6
Kxf6 39. fxg5+ hxg5 40. g4 e5 41. Rf1+ Ke6 42. Rd5 Rxd6 43. Rxe5+ Kd7 44.
Rf7+ Kc6 45. Rxa7 Rd4+ 46. Kf5 Kd6 47. Re6# { Black checkmated } 1-0

[Event "ICC tourney 2578 (30 10)"]
[Site "Internet Chess Club"]
[Date "2021.05.23"]
[Round "6"]
[White "SEN, SAMANT ROBERT:srsmv"]
[Black "DONG, JERRY:Pawnmanicc"]
[Result "1-0"]
[ICCResult "Black checkmated"]
[WhiteElo "1216"]
[BlackElo "1279"]
[Opening "Sicilian: Alapin's variation (2.c3)"]
[ECO "B22"]
[NIC "SI.46"]
[Time "13:00:21"]
[PlyCount "115"]
[TimeControl "1800+10"]

1. e4 c5 2. c3 d6 3. d4 cxd4 4. cxd4 Nf6 5. Nc3 e6 6. Nf3 Be7 7. Bc4 Nc6 8.
Bb5 Qc7 9. Bf4 a6 10. Ba4 b5 11. Bb3 O-O 12. O-O Bb7 13. Rc1 Qd7 14. Re1
Na5 15. Bc2 Rfc8 16. e5 dxe5 17. Nxe5 Qe8 18. Qd3 g6 19. Bh6 Nc4 20. Qg3
Nxe5 21. dxe5 Nd7 22. Ne4 Bxe4 23. Bxe4 Rxc1 24. Rxc1 Rd8 25. Bb7 Nc5 26.
Bf3 Bf8 27. Bg5 Be7 28. Bh6 Nd3 29. Rb1 Nb4 30. a3 Nd5 31. Rc1 Rc8 32. Rxc8
Qxc8 33. Be4 Bf8 34. Bd2 Bg7 35. Qd3 Qc5 36. Bxd5 Qxd5 37. Qxd5 exd5 38. f4
Kf8 39. Kf2 Ke7 40. Ke3 Kd7 41. Kd4 Kc6 42. Bb4 f5 43. g3 h5 44. h4 Bh6 45.
b3 Bg7 46. Be7 Bh6 47. b4 Bg7 48. Bf6 Bf8 49. Bg5 a5 50. bxa5 Bxa3 51. e6
Bb2+ 52. Kd3 Bh8 53. e7 Kd7 54. a6 b4 55. a7 b3 56. a8=Q b2 57. e8=Q+ Kd6
58. Qac6# { Black checkmated } 1-0

[Event "ICC tourney 2578 (30 10)"]
[Site "Internet Chess Club"]
[Date "2021.05.23"]
[Round "6"]
[White "EISENBERG, LINUS NGUYEN:PrimusInvin"]
[Black "PRABHU, VARUN:varunprabhu"]
[Result "1-0"]
[ICCResult "Black resigns"]
[WhiteElo "1235"]
[BlackElo "776"]
[Opening "Scotch opening"]
[ECO "C44"]
[NIC "KP.10"]
[Time "13:00:24"]
[PlyCount "121"]
[TimeControl "1800+10"]

1. e4 e5 2. Nf3 Nc6 3. d4 f6 4. dxe5 fxe5 5. Bc4 Be7 6. Nc3 Na5 7. Bf7+ Kf8
8. Bxg8 Rxg8 9. O-O Nc6 10. Be3 d6 11. a3 Qe8 12. Nd5 Qd7 13. Ng5 Qg4 14.
Nxh7+ Ke8 15. Qxg4 Bxg4 16. Nxc7+ Kd8 17. Nxa8 Rh8 18. Ng5 Bxg5 19. Bxg5+
Kc8 20. h3 Be6 21. Rad1 Kd7 22. Nb6+ axb6 23. Be3 b5 24. Rd2 Rf8 25. Rfd1
Nd4 26. Bxd4 exd4 27. Rxd4 Bg8 28. Rxd6+ Kc8 29. b3 Bh7 30. f3 Bg8 31. Rb6
Kc7 32. Rxb5 Rf6 33. Re5 Rf7 34. Rf5 Rxf5 35. exf5 Bh7 36. g4 Bg8 37. c4
Bf7 38. Kg2 Bg8 39. Kg3 Bf7 40. Kf4 Bg8 41. Kg5 Bf7 42. h4 Be8 43. f6 gxf6+
44. Kxf6 Bc6 45. Rf1 Bd7 46. g5 Be8 47. g6 Kd7 48. Rd1+ Kc7 49. g7 Bc6 50.
g8=Q Kb6 51. Rd6 Kc5 52. Rxc6+ bxc6 53. h5 Kd4 54. h6 Kc3 55. h7 Kxb3 56.
h8=Q Kc2 57. Qg6+ Kd2 58. Qh2+ Kc3 59. Qe5+ Kb3 60. Qd3+ Ka4 61. Qec3 {
Black resigns } 1-0

[Event "ICC tourney 2578 (30 10)"]
[Site "Internet Chess Club"]
[Date "2021.05.23"]
[Round "6"]
[White "WU, WINSTON:qjet"]
[Black "ARUL, SHARVESH:thunderdaze"]
[Result "1/2-1/2"]
[ICCResult "Game drawn by mutual agreement"]
[WhiteElo "1200"]
[BlackElo "1302"]
[Opening "Giuoco Piano"]
[ECO "C54"]
[NIC "IG.02"]
[Time "13:00:58"]
[PlyCount "62"]
[TimeControl "1800+10"]

1. e4 e5 2. Nf3 Nc6 3. Bc4 Bc5 4. c3 Nf6 5. d3 O-O 6. a4 a5 7. Nbd2 d6 8.
O-O Be6 9. Qb3 Bxc4 10. Nxc4 Rb8 11. Be3 Bxe3 12. Nxe3 Qd7 13. h3 h6 14.
Rfc1 Kh8 15. Qd1 Rfe8 16. Nh4 Ne7 17. Qf3 Qe6 18. Nhf5 Nxf5 19. Nxf5 Nd7
20. b4 axb4 21. cxb4 Rbc8 22. b5 b6 23. Rc3 Nc5 24. Raa3 Ra8 25. Rc4 Rac8
26. Qg3 Qf6 27. Qh4 Qxh4 28. Nxh4 Nb7 29. Rac3 Nc5 30. Nf5 Ra8 31. Rc2 Rac8
{ Game drawn by mutual agreement } 1/2-1/2

[Event "ICC tourney 2578 (30 10)"]
[Site "Internet Chess Club"]
[Date "2021.05.23"]
[Round "6"]
[White "WIDJAJA, LUKE:lwidjaja"]
[Black "DHURJATI, ANAGHA:amdink"]
[Result "1-0"]
[ICCResult "Black resigns"]
[WhiteElo "1501"]
[BlackElo "1296"]
[Opening "Giuoco Piano"]
[ECO "C54"]
[NIC "IG.02"]
[Time "13:00:24"]
[PlyCount "82"]
[TimeControl "1800+10"]

1. e4 e5 2. Nf3 Nc6 3. Bc4 Bc5 4. c3 Nf6 5. d3 O-O 6. O-O d6 7. Nbd2 Bg4 8.
a4 a5 9. h3 Be6 10. Re1 h6 11. Bb5 Bb6 12. Nf1 Na7 13. d4 Nxb5 14. axb5
exd4 15. cxd4 Bd7 16. Qd3 c6 17. bxc6 bxc6 18. Ng3 c5 19. Nh4 cxd4 20. Ngf5
Bxf5 21. Nxf5 Nd7 22. Qg3 Qf6 23. Bxh6 Kh7 24. Bxg7 Rg8 25. Bxf6 Rxg3 26.
Nxg3 Nxf6 27. Nf5 Bc5 28. Rad1 Re8 29. Nxd4 Rxe4 30. Rxe4 Nxe4 31. Kf1 a4
32. Nf5 Nxf2 33. Ra1 Nd3 34. Rxa4 Nxb2 35. Rh4+ Kg6 36. g4 Nc4 37. Ke2 Kg5
38. Kf3 Ne5+ 39. Kg3 Bb4 40. Rh5+ Kf6 41. Rh6+ Kg5 { Black resigns } 1-0

[Event "ICC tourney 2578 (30 10)"]
[Site "Internet Chess Club"]
[Date "2021.05.23"]
[Round "6"]
[White "KISHOR MANE, ARNAV:K05-16881843"]
[Black "AMBATI, JASWANT REDDY:AJRChess2011"]
[Result "1/2-1/2"]
[ICCResult "Game drawn by mutual agreement"]
[WhiteElo "1396"]
[BlackElo "1486"]
[Opening "Sicilian: Nimzovich-Rossolimo attack (without ...d6)"]
[ECO "B30"]
[NIC "SI.31"]
[Time "13:00:31"]
[PlyCount "121"]
[TimeControl "1800+10"]

1. e4 c5 2. Nf3 Nc6 3. Bb5 e6 4. c3 d5 5. exd5 exd5 6. d4 Nf6 7. O-O Be7 8.
Be3 O-O 9. dxc5 Ne4 10. Bd3 Nxc5 11. Bxc5 Bxc5 12. Qc2 h6 13. Nbd2 d4 14.
cxd4 Bxd4 15. Nb3 Bxb2 16. Rad1 Qf6 17. h3 Ba3 18. Nbd4 Nxd4 19. Nxd4 Qg5
20. Bh7+ Kh8 21. Bf5 Bxf5 22. Qxf5 Qxf5 23. Nxf5 Rfd8 24. Ne3 Rac8 25. Rb1
b6 26. Rbd1 Bd6 27. Rc1 Bf4 28. Rxc8 Rxc8 29. Rd1 a6 30. Nd5 Rd8 31. Kf1 b5
32. Ke2 Bb8 33. Rd2 Re8+ 34. Ne3 f5 35. Kf3 f4 36. Nd5 g5 37. Rc2 Rd8 38.
Rc6 Rxd5 39. Rc8+ Kg7 40. Rxb8 Rd3+ 41. Ke4 Rd2 42. Rb7+ Kf8 43. Rb6 Rxa2
44. Rxh6 b4 45. Rb6 a5 46. Kf5 Rxf2 47. Kxg5 Rxg2+ 48. Kxf4 Rb2 49. Ra6 Ra2
50. Rb6 Ra3 51. h4 b3 52. h5 Ra4+ 53. Ke3 Rh4 54. Kd3 a4 55. Kc3 Rxh5 56.
Ra6 Rh3+ 57. Kb2 Rh2+ 58. Kc1 Ra2 59. Ra7 Ra1+ 60. Kb2 Ra2+ 61. Kb1 { Game
drawn by mutual agreement } 1/2-1/2

[Event "ICC tourney 2578 (30 10)"]
[Site "Internet Chess Club"]
[Date "2021.05.23"]
[Round "6"]
[White "Potukuchi, Siddhartha:Firemonsterz"]
[Black "KUMAR, AADIT:AaditK"]
[Result "0-1"]
[ICCResult "White resigns"]
[WhiteElo "1405"]
[BlackElo "1251"]
[Opening "Giuoco Pianissimo: Italian four knights variation"]
[ECO "C50"]
[NIC "IG.02"]
[Time "13:00:22"]
[PlyCount "126"]
[TimeControl "1800+10"]

1. e4 e5 2. Nf3 Nc6 3. Bc4 Bc5 4. d3 Nf6 5. Nc3 O-O 6. Bg5 h6 7. Bh4 d6 8.
Nd5 Bg4 9. Qc1 Kh7 10. h3 Bxf3 11. gxf3 Nd4 12. Qd1 g5 13. Bg3 c6 14. Ne3
Nh5 15. c3 Ne6 16. Nf5 Nhg7 17. h4 f6 18. hxg5 d5 19. Nxh6 Kg6 20. exd5
cxd5 21. Bb3 Nxg5 22. d4 Rh8 23. dxc5 Rxh6 24. Rxh6+ Kxh6 25. Qxd5 N7e6 26.
O-O-O Qxd5 27. Bxd5 Nxc5 28. f4 Nge4 29. fxe5 Nxg3 30. fxg3 fxe5 31. b4 Na4
32. Kc2 Rc8 33. Rd3 Rc7 34. Bb3 Nb6 35. a4 Re7 36. a5 Nd7 37. g4 e4 38. Rd1
Ne5 39. Re1 Nf3 40. Re3 Kg5 41. Bd5 Kf4 42. Rxe4+ Rxe4 43. Bxe4 Kxe4 44. a6
b6 45. Kb3 Nd2+ 46. Kc2 Nf3 47. Kb3 Kd3 48. b5 Nd2+ 49. Kb4 Ne4 50. c4 Kd4
51. g5 Nxg5 52. c5 bxc5+ 53. Ka5 Ne6 54. b6 Kd5 55. b7 Nd8 56. b8=Q Nc6+
57. Kb5 Nxb8 58. Ka5 Nxa6 59. Ka4 c4 60. Ka3 Kd4 61. Kb2 Kd3 62. Kc1 Kc3
63. Kb1 Kd2 { White resigns } 0-1

[Event "ICC tourney 2578 (30 10)"]
[Site "Internet Chess Club"]
[Date "2021.05.23"]
[Round "6"]
[White "JUTRAS, ARNAUD:arnaudjutras"]
[Black "QI, JENNY:eevee11"]
[Result "1/2-1/2"]
[ICCResult "Game drawn by repetition"]
[WhiteElo "1450"]
[BlackElo "1156"]
[Opening "English opening"]
[ECO "A15"]
[NIC "EO.64"]
[Time "13:00:26"]
[PlyCount "149"]
[TimeControl "1800+10"]

1. c4 Nf6 2. Nf3 g6 3. g3 Bg7 4. Bg2 O-O 5. O-O d5 6. cxd5 Nxd5 7. Nc3 Nxc3
8. bxc3 c5 9. Ba3 c4 10. Rb1 Nc6 11. Bb4 Bd7 12. Rb2 Qc8 13. Qb1 Bh3 14.
Ba3 Bxg2 15. Kxg2 b6 16. Qe4 Qa6 17. Qxc6 Qxa3 18. Qb5 Rfc8 19. Qb4 Qxb4
20. Rxb4 Rc6 21. Rfb1 Rb8 22. a4 e5 23. a5 e4 24. Ne1 Bf8 25. Rb5 Rc5 26.
Rxc5 Bxc5 27. axb6 axb6 28. Nc2 Rd8 29. Ne3 Rxd2 30. Nxc4 Rxe2 31. Rb2 Rxb2
32. Nxb2 e3 33. fxe3 Bxe3 34. c4 Bd4 35. Nd3 Kf8 36. Kf3 Ke7 37. Ke4 Bg1
38. h3 Kd6 39. Kf4 f6 40. g4 Bc5 41. h4 Kc6 42. h5 Bd6+ 43. Ke4 b5 44.
cxb5+ Kxb5 45. Kd5 Be7 46. Ke6 Bd8 47. Kd7 Bb6 48. Ke6 Bd8 49. Kd7 Bb6 50.
Ke6 Bd4 51. Kd5 Ba1 52. Ke6 Kc4 53. Nf4 g5 54. Ne2 Kd3 55. Nc1+ Ke3 56. Kf5
Kf3 57. Nd3 Kg3 58. Nc5 Bb2 59. Ne4+ Kh4 60. Nc5 Ba3 61. Nd7 Be7 62. Nb6
Bd8 63. Nd5 Kh3 64. Nb4 Kh4 65. Nc6 Bb6 66. Nb4 Bd8 67. Nc6 Bb6 68. Ne7 Bd8
69. Nc6 Bb6 70. Nb4 Bd8 71. Nd5 Kh3 72. Nb4 Kh4 73. Nc6 Bb6 74. Ne7 Bd8 75.
Nd5 { Game drawn by repetition } 1/2-1/2

[Event "ICC tourney 2578 (30 10)"]
[Site "Internet Chess Club"]
[Date "2021.05.23"]
[Round "7"]
[White "JUTRAS, ARNAUD:arnaudjutras"]
[Black "REMPE, LENNIK:Kokosnuss1000"]
[Result "1-0"]
[ICCResult "Black resigns"]
[WhiteElo "1450"]
[BlackElo "1450"]
[Opening "English opening"]
[ECO "A21"]
[NIC "EO.22"]
[Time "15:00:51"]
[PlyCount "49"]
[TimeControl "1800+10"]

1. c4 e5 2. Nc3 d6 3. g3 Nf6 4. Bg2 Nc6 5. Nf3 Be7 6. O-O O-O 7. d3 Be6 8.
a3 Nd4 9. Nxd4 exd4 10. Ne4 Nxe4 11. Bxe4 c6 12. Bg2 Qd7 13. b4 Bh3 14. Rb1
Bxg2 15. Kxg2 d5 16. c5 f5 17. Bf4 Rf6 18. Be5 Rh6 19. Bxd4 f4 20. Rh1 Qh3+
21. Kg1 Bh4 22. Qf1 Qg4 23. h3 fxg3 24. hxg4 gxf2+ 25. Bxf2 { Black resigns
} 1-0

[Event "ICC tourney 2578 (30 10)"]
[Site "Internet Chess Club"]
[Date "2021.05.23"]
[Round "7"]
[White "AMBATI, JASWANT REDDY:AJRChess2011"]
[Black "BANG, ADITYA:AdityaBang"]
[Result "1-0"]
[ICCResult "Black resigns"]
[WhiteElo "1486"]
[BlackElo "1389"]
[Opening "Pirc: classical (two knights) system"]
[ECO "B08"]
[NIC "PU.10"]
[Time "15:00:42"]
[PlyCount "47"]
[TimeControl "1800+10"]

1. e4 d6 2. d4 Nf6 3. Nc3 g6 4. Nf3 Bg7 5. Bc4 O-O 6. O-O Nc6 7. Be3 Nd7 8.
Qd2 Re8 9. Bxf7+ Kh8 10. Bxe8 Qxe8 11. Nd5 Rb8 12. Ng5 Nf6 13. Nxc7 Qg8 14.
d5 Ne5 15. Bxa7 Bd7 16. Bxb8 Qxb8 17. Nce6 Bxe6 18. Nxe6 Nxe4 19. Qe2 Nf6
20. f4 Neg4 21. Ng5 Qa7+ 22. Kh1 Qe3 23. Rae1 Nxd5 24. Qxg4 { Black resigns
} 1-0

[Event "ICC tourney 2578 (30 10)"]
[Site "Internet Chess Club"]
[Date "2021.05.23"]
[Round "7"]
[White "LI, MASON:iamlifamily"]
[Black "Merriman, Dann:theLittlePetey"]
[Result "0-1"]
[ICCResult "White resigns"]
[WhiteElo "1266"]
[BlackElo "875"]
[Opening "Queen's pawn: London system"]
[ECO "A45"]
[NIC "QP.07"]
[Time "15:00:37"]
[PlyCount "84"]
[TimeControl "1800+10"]

1. d4 Nf6 2. Bf4 d6 3. e3 g6 4. Nc3 Bg7 5. h4 Nh5 6. Bh2 e6 7. Be2 Nf6 8.
Nf3 Nc6 9. Bf4 Qd7 10. a3 Nh5 11. Bh2 Nf6 12. d5 exd5 13. Bb5 a6 14. Ba4
Ne4 15. Nxe4 dxe4 16. Nd4 b5 17. Bb3 Ne5 18. Bd5 c6 19. Bxe4 d5 20. Bd3
Nxd3+ 21. Qxd3 c5 22. Ne2 Qf5 23. Qxf5 Bxf5 24. O-O-O O-O-O 25. Nf4 d4 26.
exd4 Bxd4 27. f3 h6 28. g4 Bd7 29. b4 Bc6 30. Rhf1 g5 31. Ne2 Be3+ 32. Kb2
Rxd1 33. Rxd1 Bxf3 34. Rd3 Re8 35. Nc3 Bxg4 36. hxg5 hxg5 37. Nd5 Bf2 38.
Nf6 c4 39. Nxe8 cxd3 40. cxd3 f5 41. Nf6 Bd4+ 42. Kc2 Bxf6 { White resigns
} 0-1

[Event "ICC tourney 2578 (30 10)"]
[Site "Internet Chess Club"]
[Date "2021.05.23"]
[Round "7"]
[White "Morgan, Lakshmi M:luckylol3"]
[Black "RAMAN, ARJUN:jojoraman"]
[Result "0-1"]
[ICCResult "White resigns"]
[WhiteElo "1041"]
[BlackElo "1360"]
[Opening "Evans gambit"]
[ECO "C52"]
[NIC "IG.05"]
[Time "15:00:35"]
[PlyCount "46"]
[TimeControl "1800+10"]

1. e4 e5 2. Nf3 Nc6 3. Bc4 Bc5 4. b4 Bxb4 5. c3 Ba5 6. d4 exd4 7. O-O Nge7
8. cxd4 O-O 9. Bb2 d5 10. Bd3 dxe4 11. Bxe4 Bf5 12. Bxf5 Nxf5 13. Na3 Bb6
14. Nc2 Re8 15. Qd3 Nh4 16. Nxh4 Qxh4 17. Qc3 Rad8 18. d5 Ne5 19. Rae1 Rxd5
20. Ne3 Rc5 21. Qd2 Ba5 22. Qe2 Bxe1 23. Rxe1 Ng4 { White resigns } 0-1

[Event "ICC tourney 2578 (30 10)"]
[Site "Internet Chess Club"]
[Date "2021.05.23"]
[Round "7"]
[White "DONG, JERRY:Pawnmanicc"]
[Black "EISENBERG, LINUS NGUYEN:PrimusInvin"]
[Result "1-0"]
[ICCResult "Black resigns"]
[WhiteElo "1279"]
[BlackElo "1235"]
[Opening "Dutch"]
[ECO "A80"]
[NIC "HD.12"]
[Time "15:00:38"]
[PlyCount "117"]
[TimeControl "1800+10"]

1. d4 f5 2. Bf4 Nf6 3. e3 e6 4. c3 Nc6 5. Nf3 Bd6 6. Bg3 Bxg3 7. hxg3 b6 8.
Nbd2 Bb7 9. Bd3 Qe7 10. e4 fxe4 11. Nxe4 O-O-O 12. Qe2 h6 13. O-O-O Nxe4
14. Bxe4 Rdf8 15. Nh4 Qg5+ 16. Kb1 Ne7 17. Bxb7+ Kxb7 18. Nf3 Qg6+ 19. Ka1
Nc6 20. Rdf1 Rf7 21. Rh4 Rhf8 22. Qe4 Qxe4 23. Rxe4 g5 24. Re2 Rf6 25. Kb1
d6 26. Kc1 e5 27. dxe5 dxe5 28. Re4 Rf5 29. g4 Rf4 30. Rxf4 Rxf4 31. Nh2
Ne7 32. f3 e4 33. Kd2 exf3 34. Rxf3 Rxf3 35. gxf3 Nd5 36. Kd3 Nf4+ 37. Ke4
Kc6 38. Kf5 Kd5 39. Nf1 c5 40. Ne3+ Kd6 41. Nc4+ Kd5 42. Ne5 b5 43. Nf7 Nd3
44. Nxh6 Nxb2 45. Kxg5 Kc4 46. f4 Kxc3 47. f5 Nd3 48. f6 Ne5 49. Kf5 Kd4
50. g5 c4 51. g6 c3 52. g7 c2 53. g8=Q c1=Q 54. Qd8+ Ke3 55. Kxe5 Qc3+ 56.
Ke6 Qc4+ 57. Ke7 Qb4+ 58. Qd6 Qe4+ 59. Qe6 { Black resigns } 1-0

[Event "ICC tourney 2578 (30 10)"]
[Site "Internet Chess Club"]
[Date "2021.05.23"]
[Round "7"]
[White "WU, WINSTON:qjet"]
[Black "HUANG, JUSTIN:ijustin"]
[Result "0-1"]
[ICCResult "White checkmated"]
[WhiteElo "1200"]
[BlackElo "1305"]
[Opening "Sicilian: Alapin's variation (2.c3)"]
[ECO "B22"]
[NIC "SI.46"]
[Time "15:00:51"]
[PlyCount "74"]
[TimeControl "1800+10"]

1. e4 c5 2. c3 e6 3. d4 d5 4. exd5 exd5 5. Nf3 Nc6 6. Be2 Nf6 7. O-O Be7 8.
Bg5 cxd4 9. cxd4 O-O 10. Nc3 Be6 11. Rc1 Qb6 12. Qd2 Rac8 13. h3 h6 14. Bh4
Ne4 15. Nxe4 dxe4 16. Bxe7 Nxe7 17. Nh2 Bxa2 18. Ng4 Rcd8 19. Rc5 Qxc5 20.
dxc5 Rxd2 21. Rc1 Rxe2 22. Ne5 Rxb2 23. Nd7 Rd8 24. Rd1 Nc6 25. Kh2 Be6 26.
Kg3 Rxd7 27. Re1 f5 28. h4 g5 29. h5 f4+ 30. Kh2 Rxf2 31. Rxe4 Bd5 32. Re1
Rxg2+ 33. Kh3 g4+ 34. Kh4 Ne5 35. Rxe5 Rg7 36. Re2 Rxe2 37. c6 Rh2# { White
checkmated } 0-1

[Event "ICC tourney 2578 (30 10)"]
[Site "Internet Chess Club"]
[Date "2021.05.23"]
[Round "7"]
[White "DHURJATI, ANAGHA:amdink"]
[Black "Potukuchi, Siddhartha:Firemonsterz"]
[Result "1-0"]
[ICCResult "Black resigns"]
[WhiteElo "1296"]
[BlackElo "1405"]
[Opening "Petrov's defense"]
[ECO "C42"]
[NIC "RG.03"]
[Time "15:00:35"]
[PlyCount "71"]
[TimeControl "1800+10"]

1. e4 e5 2. Nf3 Nf6 3. Nxe5 Nc6 4. Nxc6 dxc6 5. Nc3 Bc5 6. d3 Ng4 7. Be3
Bxe3 8. fxe3 Nxe3 9. Qd2 Nxf1 10. Rxf1 O-O 11. O-O-O b5 12. a3 a5 13. Nb1
Be6 14. h3 c5 15. Rf3 b4 16. a4 Qd4 17. b3 Rad8 18. Rg3 Qe5 19. Qe3 c4 20.
d4 Qh5 21. d5 c3 22. Rg5 Qh4 23. dxe6 Rxd1+ 24. Kxd1 fxe6 25. Qg3 Qxg3 26.
Rxg3 Rf1+ 27. Ke2 Rxb1 28. Rg5 Rb2 29. Kd3 h6 30. Rxa5 Rb1 31. Ra8+ Kf7 32.
a5 Rg1 33. a6 Rxg2 34. a7 Rd2+ 35. Kc4 Rxc2 36. Rf8+ { Black resigns } 1-0

[Event "ICC tourney 2578 (30 10)"]
[Site "Internet Chess Club"]
[Date "2021.05.23"]
[Round "7"]
[White "QI, JENNY:eevee11"]
[Black "SIAMWALLA, ALVIN:cappyal"]
[Result "1-0"]
[ICCResult "Black resigns"]
[WhiteElo "1156"]
[BlackElo "848"]
[Opening "Ruy Lopez: Möller defense"]
[ECO "C78"]
[NIC "RL.12"]
[Time "15:00:35"]
[PlyCount "93"]
[TimeControl "1800+10"]

1. e4 e5 2. Nf3 Nc6 3. Bb5 a6 4. Ba4 Nf6 5. O-O Bc5 6. Nxe5 Nxe5 7. d4 Bxd4
8. Qxd4 Ng6 9. Nc3 O-O 10. Bd2 d6 11. a3 h6 12. Rad1 Bd7 13. Bxd7 Nxd7 14.
Rfe1 Nde5 15. Ne2 Nh4 16. Qe3 Nc4 17. Qg3 Nxd2 18. Rxd2 Ng6 19. Nf4 Nxf4
20. Qxf4 Re8 21. Ree2 Qe7 22. f3 Qe5 23. Qxe5 Rxe5 24. Rd5 Rae8 25. Red2
Kf8 26. Kf2 Rxd5 27. Rxd5 Re5 28. Rxe5 dxe5 29. Ke3 Ke7 30. Kd3 Kd6 31. c4
Kc5 32. b3 b5 33. cxb5 axb5 34. Kc3 Kb6 35. g3 g6 36. h3 f6 37. f4 exf4 38.
gxf4 c5 39. e5 fxe5 40. fxe5 Kc6 41. a4 Kd5 42. a5 b4+ 43. Kd3 c4+ 44.
bxc4+ Kxe5 45. a6 b3 46. a7 b2 47. Kc2 { Black resigns } 1-0

[Event "ICC tourney 2578 (30 10)"]
[Site "Internet Chess Club"]
[Date "2021.05.23"]
[Round "7"]
[White "ARUL, SHARVESH:thunderdaze"]
[Black "KISHOR MANE, ARNAV:K05-16881843"]
[Result "1/2-1/2"]
[ICCResult "Game drawn by mutual agreement"]
[WhiteElo "1302"]
[BlackElo "1396"]
[Opening "Sicilian: Canal-Sokolsky attack, 3...Bd7"]
[ECO "B52"]
[NIC "SI.01"]
[Time "15:00:39"]
[PlyCount "90"]
[TimeControl "1800+10"]

1. e4 c5 2. Nf3 d6 3. Bb5+ Bd7 4. Bxd7+ Qxd7 5. O-O Nc6 6. Re1 Nf6 7. c3 e6
8. d4 cxd4 9. cxd4 Be7 10. Bf4 O-O 11. Nc3 Rfd8 12. a3 a6 13. h3 Qc7 14.
Rc1 e5 15. Bh2 Qb8 16. Qd3 Qa7 17. Red1 exd4 18. Nxd4 Nxd4 19. Qxd4 Qxd4
20. Rxd4 Rac8 21. Rcd1 Ne8 22. Nd5 Bf6 23. Nxf6+ Nxf6 24. Bxd6 Re8 25. f3
Nd7 26. Bb4 Ne5 27. Bc3 Nc4 28. Kf2 Nxa3 29. Rd7 Nb5 30. Rxb7 Nxc3 31. bxc3
Rxc3 32. Ra1 Rc2+ 33. Kg3 Rc6 34. Ra7 Rg6+ 35. Kh2 Rge6 36. R1xa6 Rxa6 37.
Rxa6 g6 38. Kg3 Kg7 39. Rb6 Re5 40. Kf4 Ra5 41. h4 h5 42. Rd6 Rb5 43. Rd5
Rb2 44. g3 Ra2 45. Rc5 Ra6 { Game drawn by mutual agreement } 1/2-1/2